 Dungeon Crawl Stone Soup version 0.19.5 (webtiles) character file.

1623 Hordtkhen the Grappler (level 8, -10/75 HPs)
             Began as a Troll Fighter on Apr 15, 2017.
             Was a Follower of Trog.
             Killed from afar by a fire dragon (24 damage)
             ... with a blast of flame
             ... on level 9 of the Dungeon.
             The game lasted 00:38:24 (4409 turns).

Hordtkhen the Grappler (Troll Fighter)              Turns: 4409, Time: 00:38:24

Health: -10/75     AC:  6    Str: 30    XL:     8   Next: 65%
Magic:  0/7        EV: 10    Int:  4    God:    Trog [*.....]
Gold:   388        SH: 10    Dex: 11    Spells: 0 memorised, 7 levels left

rFire  + . .     SeeInvis .       - Unarmed
rCold  . . .     Gourm    +     a - +0 robe
rNeg   . . .     Faith    .     b - +0 shield
rPois  .         Spirit   +     (helmet restricted)
rElec  .         Reflect  .     M - +0 cloak (curse)
rCorr  .         Harm     .     (gloves unavailable)
MR     ++...                    (boots unavailable)
Stlth  +++.......               Q - amulet of guardian spirit
                                z - ring of protection from magic
                                h - ring of protection from magic

@: mighty
A: unfitting armour, claws 3, camouflage 1, fire resistance 1, fast metabolism
3, gourmand, regeneration 1, shaggy fur 1, tough skin 2, inexperienced 1
a: Berserk, Burn Spellbooks, Renounce Religion


You were on level 9 of the Dungeon.
You worshipped Trog.
Trog was aware of your devotion.
You were hungry.

You visited 1 branch of the dungeon, and saw 7 of its levels.

You collected 388 gold pieces.

Inventory:

Hand Weapons
 e - a +0 dagger
 l - a +3 short sword
 r - a +3 quarterstaff
 y - a +1 flail of holy wrath
 D - a +0 giant club
 N - a +0 hand crossbow
 R - a cursed -2 falchion
 S - a +0 giant spiked club
Missiles
 O - 2 needles of sleeping
 P - 38 arrows (quivered)
Armour
 a - a +0 robe (worn)
 b - a +0 shield (worn)
 C - the +3 leather armour of Jafityuc {Str+3, unknown}
   (You found it on level 4 of the Dungeon)

   It affects your strength (+3).
 K - the +8 chain mail of Prudence {+Blink Int-2 SInv, unknown}
   (You found it on level 5 of the Dungeon)

   It affects your intelligence (-2).
   It lets you see invisible.
   It lets you blink.
 M - a cursed +0 cloak (worn)
Jewellery
 h - a ring of protection from magic (left claw)
 z - a ring of protection from magic (right claw)
 B - a +4 ring of intelligence
 Q - an amulet of guardian spirit (around neck)
Wands
 I - a wand of acid (5/15)
 J - a wand of polymorph (7/24)
Scrolls
 m - 2 scrolls of amnesia
 n - a scroll of blinking
 o - 3 scrolls of random uselessness
 q - a scroll of enchant armour {unknown}
 t - 2 scrolls of remove curse
 u - 2 scrolls of noise {unknown}
 v - a scroll of enchant weapon {unknown}
 x - a scroll of fog {unknown}
 E - a scroll of teleportation {unknown}
 G - 4 scrolls of identify {unknown}
Potions
 c - a potion of might
 f - a potion of agility {unknown}
 i - 2 potions of curing {unknown}
 j - a potion of brilliance {unknown}
 s - a potion of haste {unknown}
 w - a potion of ambrosia {unknown}
 A - 2 potions of cure mutation {unknown}
 F - a potion of degeneration {unknown}
 H - a potion of lignification {unknown}
 L - a potion of cancellation {unknown}
Comestibles
 d - 5 bread rations
 g - 3 meat rations
 k - a beef jerky


   Skills:
 + Level 3.3 Fighting
 + Level 4.8 Dodging
 + Level 1.1 Stealth
 + Level 4.6 Shields
 + Level 8.5 Unarmed Combat


You had 7 spell levels left.
You didn't know any spells.

Dungeon Overview and Level Annotations

Branches:
Dungeon (9/15)
 Temple: D:4-7         Lair: D:8-11         Orc: D:9-12

Altars:
Ashenzari
Kikubaaqudgha
Nemelex Xobeh
Qazlal
Ru
Trog
The Shining One


Innate Abilities, Weirdness & Mutations

You are too large for most types of armour.
You have claws for hands.
Your metabolism is lightning-fast.
You like to eat raw meat.
Your natural rate of healing is unusually fast.
You are covered in fur. (AC +1)
You have very tough skin. (AC +2)
You are somewhat inexperienced. (-2 XL)
Your skin changes colour to match your surroundings (Stealth+).
Your flesh is heat resistant. (rF+)


Message History

You mangle the fire dragon!!
The fire dragon is heavily wounded.
You block the fire dragon's attack.
The fire dragon claws you but does no damage.
The fire dragon tramples you!
You stumble backwards!
You claw the fire dragon!
The fire dragon is heavily wounded.
The fire dragon bites you! The fire dragon claws you!
You block the fire dragon's attack.
You feel very mighty all of a sudden. The fire dragon closely misses you.
The fire dragon claws you. The fire dragon tramples you!
You stumble backwards!
You barely miss the fire dragon.
The fire dragon is heavily wounded.
You block the fire dragon's attack. The fire dragon claws you!
* * * LOW HITPOINT WARNING * * *
You block the fire dragon's attack. The fire dragon breathes flames at you.
The blast of flame hits you! You resist.
You die...

#...≈≈≈≈≈#
#.........
#≈.≈≈≈≈≈≈#
#.........
#≈≈≈≈≈..≈#
#.........
#≈≈≈.....#
#.....<...
#≈≈......#
#.........
#........#
#.........
#......D##
#.........
##......#
#.........
#....@.#
#.........
##....##
#.........
##..##
#.........
#..#
#.........
##.#
#.........
#.#
#.........
#.##
#.........
#..#
#.........
##.#
#.........


You could see a fire dragon.

Vanquished Creatures
  A hungry ghost (D:8)
  A steam dragon (D:9)
  An orc warrior (D:8)
  A sky beast (D:8)
  3 ogres
  A centaur (D:8)
  2 bullfrogs (D:8)
  Blork the orc (D:4)
  A water moccasin skeleton (D:5)
  A howler monkey (D:5)
  A quasit (D:8)
  A jelly (D:5)
  A hound (D:4)
  5 orc priests
  3 iguanas
  3 orc wizards
  5 worker ants
  A hound zombie (D:8)
  A hound skeleton (D:4)
  2 gnolls (D:2)
  4 adders
  A shadow imp (D:5)
  2 adder skeletons
  5 worms
  3 leopard geckos
  17 orcs
  2 ball pythons
  8 bats
  6 giant cockroaches
  8 goblins
  7 hobgoblins
  6 jackals
  2 kobolds
  A quokka (D:2)
  5 frilled lizards
  A giant cockroach zombie (D:5)
  A leopard gecko skeleton (D:4)
  A quokka skeleton (D:5)
  11 rats
127 creatures vanquished.

Notes
Turn   | Place    | Note
-------+----------+-------------------------------------------
     0 | D:1      | Hordtkhen the Troll Fighter began the quest for the Orb.
     0 | D:1      | Reached XP level 1. HP: 22/22 MP: 0/0
   119 | D:1      | Reached XP level 2. HP: 29/29 MP: 1/1
   703 | D:1      | Reached XP level 3. HP: 36/36 MP: 2/2
   809 | D:2      | Found a shattered altar of Ashenzari.
   826 | D:2      | Became a worshipper of Ashenzari the Shackled
   871 | D:2      | Fell from the grace of Ashenzari
  1124 | D:2      | Found a sacrificial altar of Ru.
  1136 | D:2      | Became a worshipper of Ru the Awakened
  1374 | D:2      | Reached XP level 4. HP: 38/44 MP: 3/3
  1471 | D:3      | HP: 2/44 [orc wizard/magic dart (10)]
  1505 | D:3      | Reached skill level 3 in Unarmed Combat
  2069 | D:3      | Was forgiven by Ashenzari
  2172 | D:3      | Reached XP level 5. HP: 48/50 MP: 4/4
  2296 | D:3      | Found an ancient bone altar of Kikubaaqudgha.
  2296 | D:3      | Found a stormy altar of Qazlal.
  2397 | D:3      | Gained mutation: You are somewhat inexperienced. (-2 XL) [Ru sacrifice]
  2397 | D:3      | Reached XP level 4. HP: 29/44 MP: 3/3
  2397 | D:3      | Reached XP level 3. HP: 29/36 MP: 2/2
  2397 | D:3      | Reached * piety under Ru
  2408 | D:4      | Reached skill level 4 in Unarmed Combat
  2408 | D:4      | Reached XP level 4. HP: 43/44 MP: 3/3
  2583 | D:4      | Reached XP level 5. HP: 50/52 MP: 4/4
  2588 | D:4      | Got a spiked leather armour
  2622 | D:4      | Noticed an ogre
  2632 | D:4      | Killed an ogre
  2658 | D:4      | Noticed Blork the orc
  2659 | D:4      | Noticed a moth of wrath
  2664 | D:4      | Killed Blork the orc
  2664 | D:4      | Reached skill level 5 in Unarmed Combat
  2664 | D:4      | Reached XP level 6. HP: 33/59 MP: 5/5
  2685 | D:4      | Found a bloodstained altar of Trog.
  2705 | D:4      | Fell from the grace of Ru
  2705 | D:4      | Became a worshipper of Trog the Wrathful
  2908 | D:5      | Entered Level 5 of the Dungeon
  2970 | D:5      | Got a crude chain mail
  3199 | D:5      | Reached XP level 7. HP: 53/66 MP: 6/6
  3222 | D:5      | Reached skill level 6 in Unarmed Combat
  3281 | D:5      | Found a glowing golden altar of the Shining One.
  3458 | D:5      | You fall through a shaft for 3 floors!
  3484 | D:8      | Reached * piety under Trog
  3520 | D:8      | Noticed a hungry ghost
  3532 | D:8      | Killed a hungry ghost
  3657 | D:8      | Reached skill level 7 in Unarmed Combat
  3657 | D:8      | Reached XP level 8. HP: 67/75 MP: 7/7
  3753 | D:8      | Reached skill level 1 in Stealth
  3982 | D:8      | Reached skill level 8 in Unarmed Combat
  3997 | D:8      | Gained mutation: Your skin changes colour to match your surroundings (Stealth+). [mutagenic meat]
  4000 | D:8      | Gained mutation: Your flesh is heat resistant. (rF+) [mutagenic meat]
  4179 | D:9      | Found a sparkling altar of Nemelex Xobeh.
  4233 | D:9      | Noticed a fire dragon
  4409 | D:9      | Killed from afar by a fire dragon

Skill      XL: |  1  2  3  4  5  6  7  8 |
---------------+-------------------------+-----
Dodging        | 3 4 |  4.8
Shields        | 3 4 |  4.6
Unarmed Combat | 4 3 5 7 8 |  8.5
Fighting       | 3 |  3.3
Stealth        | 1 |  1.1

Action                   |  1- 3 |  4- 6 |  7- 9 || total
-------------------------+-------+-------+-------++-------
Melee: Unarmed           |   135 |   177 |   116 ||   428
Invok: Sacrifice Experie |     1 |       |       ||     1
       Renounce Religion |     1 |       |       ||     1
       Berserk           |       |       |     1 ||     1
Evoke: Wand              |       |       |     2 ||     2
  Use: Scroll            |     2 |     4 |     1 ||     7
       Potion            |       |       |     1 ||     1
 Stab: Sleeping          |     1 |       |     1 ||     2
  Eat: Bread ration      |     1 |       |       ||     1
       Chunk             |     5 |    17 |    14 ||    36
       Pizza             |       |       |     1 ||     1
Armor: Robe              |    52 |    37 |    22 ||   111
Dodge: Dodged            |    48 |    37 |    37 ||   122
Block: Shield            |    60 |    55 |    51 ||   166
